 Dungeon Crawl Stone Soup version 0.20.1-1-g8b1a95d66d (webtiles) character file.

40 Dickchan the Sneak (level 3, 0/24 HPs)
             Began as a Vampire Enchanter on Nov 28, 2017.
             Slain by a gnoll
             ... wielding a +0 whip
              (7 damage)
             ... on level 2 of the Dungeon.
             The game lasted 00:01:37 (1481 turns).

Dickchan the Sneak (Vampire Enchanter)              Turns: 1481, Time: 00:01:37

Health: 0/24       AC:  4    Str:  7    XL:     3   Next: 30%
Magic:  6/6        EV: 12    Int: 18    God:
Gold:   130        SH:  0    Dex: 14    Spells: 3/6 levels left

rFire    . . .     SeeInvis +   a - +1 dagger
rCold    + . .     Gourm    .   (no shield)
rNeg     + + .     Faith    .   b - +0 robe
rPois    +         Spirit   .   n - +1 helmet
rElec    .         Reflect  .   (no cloak)
rCorr    .         Harm     .   (no gloves)
MR       .....                  (no boots)
Stlth    ++++......             (no amulet)
Regen    0.1/turn               (no ring)
MPRegen  0.1/turn               (no ring)

@: regenerating slowly
A: fangs 3, see invisible, unbreathing
a: Bat Form


You were on level 2 of the Dungeon.
You were thirsty.

You visited 1 branch of the dungeon, and saw 2 of its levels.

You collected 130 gold pieces.

Inventory:

Hand Weapons
 a - a +1 dagger (weapon)
Armour
 b - a +0 robe (worn)
 n - a +1 helmet (worn)
Scrolls
 e - a scroll of amnesia {unknown}
 f - a scroll of teleportation {unknown}
 g - 2 scrolls of magic mapping {unknown}
 j - a scroll of enchant weapon {unknown}
 k - 2 scrolls of identify {unknown}
 l - a scroll of remove curse {unknown}
Potions
 d - a potion of blood
 h - a potion of curing {unknown}
 i - 4 potions of heal wounds {unknown}
 m - a potion of might {unknown}
Books
 c - a book of Maledictions

   Spells                             Type                      Level
   a - Corona                         Hexes                        1
   b - Ensorcelled Hibernation        Hexes/Ice                    2
   c - Confuse                        Hexes                        3
   d - Tukima's Dance                 Hexes                        3
   e - Dazzling Spray                 Conjuration/Hexes            3


   Skills:
 * Level 2.4 Short Blades
 - Level 2.1 Dodging
 + Level 5.2 Stealth
 - Level 2.0 Spellcasting
 + Level 5.1 Hexes


You had 3 spell levels left.
You knew the following spells:

 Your Spells              Type           Power        Failure   Level  Hunger
a - Ensorcelled Hibernat  Hex/Ice        ##....       10%         2    ###....
b - Corona                Hex            ###....      2%          1    #......


Dungeon Overview and Level Annotations

Branches:
Dungeon (2/15)

Altars:


Innate Abilities, Weirdness & Mutations

You heal slowly.
You have razor-sharp teeth.
You have supernaturally acute eyesight. (SInv)
You can survive without breathing.


Message History

A gnoll comes into view. It is wielding a spear.
You hit the kobold.
The kobold is moderately wounded.
The gnoll moves out of view.
You hit the kobold but do no damage.
The kobold is moderately wounded.
The kobold hits you but does no damage.
A gnoll comes into view. It is wielding a flail.
The gnoll shouts!
You hit the kobold.
You kill the kobold!
The gnoll moves out of view.
You hit the gnoll but do no damage. The gnoll misses you.
You hit the gnoll but do no damage. The gnoll hits you but does no damage.
The gnoll hits you with a whip!
You closely miss the gnoll. Your bite misses the gnoll.
The gnoll hits you from afar with a spear!
* * * LOW HITPOINT WARNING * * *
The gnoll hits you with a whip!
You die...

...# #.#.......
...#######.........
...#......)........
...#.........######
.............#
....######...#
....#
#.#.###########
....#
##'#..g......?.#
....#
......gg@......#
....#
..........)....#
....#
...>##'########
....# ... #.# ....#
. #.# ....# #.#
....# #.# ....# #.#
###.# #(#


You could see 3 gnolls.

Vanquished Creatures
  A gnoll (D:1)
  A worm (D:2)
  A dart slug (D:1)
  A leopard gecko (D:2)
  2 giant cockroaches (D:1)
  3 goblins
  A hobgoblin (D:1)
  3 bats (D:1)
  A frilled lizard (D:1)
  6 kobolds
  8 rats
28 creatures vanquished.

Notes
Turn   | Place    | Note
-------+----------+-------------------------------------------
     0 | D:1      | Dickchan the Vampire Enchanter began the quest for the Orb.
     0 | D:1      | Reached XP level 1. HP: 13/13 MP: 3/3
   259 | D:1      | Reached XP level 2. HP: 10/19 MP: 5/5
   474 | D:1      | Learned a level 2 spell: Ensorcelled Hibernation
   759 | D:1      | Reached skill level 5 in Stealth
   759 | D:1      | Reached skill level 5 in Hexes
   842 | D:1      | Reached XP level 3. HP: 24/24 MP: 6/6
  1481 | D:2      | Slain by a gnoll

Skill      XL: |  1  2 |
---------------+-------+-----
Short Blades   | 2 |  2.4
Stealth        | 5 |  5.2
Hexes          | 5 |  5.1
Dodging        | |  2.1
Spellcasting   | |  2.0

Action                   || total
-------------------------++-------
Melee: Dagger            ||    92
       Bite              ||     4
 Stab: Sleeping          ||     7
       Distracted        ||     1
  Eat: Corpse            ||     1
Armor: Robe              ||    20
Dodge: Dodged            ||    48
